 Dungeon Crawl Stone Soup version 0.31.0-11-ge490571c62 (webtiles) character file.

Game seed: 8168529616254712001

919 hawla the Ducker (level 7, 0/40 HPs)
             Began as a Deep Elf Fire Elementalist on Feb 6, 2024.
             Slain by an orc warrior
             ... wielding a +0 halberd
              (12 damage)
             ... on level 6 of the Dungeon.
             The game lasted 00:14:39 (5628 turns).

hawla the Ducker (Deep Elf Fire Elementalist)       Turns: 5628, Time: 00:14:40

Health: 0/40       AC:  7    Str:  9    XL:     7   Next: 83%
Magic:  4/13       EV: 14    Int: 22    God:
Gold:   273        SH:  5    Dex: 15    Spells: 5/12 levels left

rFire   + . .        f - staff of alchemy
rCold   . . .        (no shield)
rNeg    + . .        d - +2 robe of the Ethereal God {rN+ Str+4}
rPois   +            (no helmet)
rElec   .            s - +0 cloak
rCorr   .            (no gloves)
SInv    .            (no boots)
Will    .....        o - amulet of reflection
Stlth   +++          (no ring)
HPRegen 1.06/turn    (no ring)
MPRegen 0.13/turn

%: reflection
@: about to teleport
A: iridescent scales 1, fire resistance 1, sense surroundings 1, regeneration 1
a: no special abilities


You were on level 6 of the Dungeon.
You visited 1 branch of the dungeon, and saw 6 of its levels.

You collected 273 gold pieces.

Inventory:

Hand Weapons
 e - a +2 quarterstaff
Armour
 d - the +2 robe of the Ethereal God (worn) {rN+ Str+4}
   (You found it on level 3 of the Dungeon)

   Str+4:     It affects your strength (+4).
   rN+:       It protects you from negative energy.
 s - a +0 cloak (worn)
Magical Staves
 f - a staff of alchemy (weapon)
Jewellery
 b - an amulet of magic regeneration
 o - an amulet of reflection (around neck)
Wands
 k - a wand of digging (3)
 p - a wand of polymorph (5)
Scrolls
 a - 3 scrolls of identify
 c - 4 scrolls of teleportation
 g - a scroll of amnesia {unknown}
 j - a scroll of poison
 r - a scroll of revelation
 t - a scroll of enchant armour
Potions
 h - a potion of attraction {unknown}
 i - a potion of degeneration {unknown}
 l - 3 potions of curing
 m - 2 potions of might {unknown}
 n - 2 potions of brilliance {unknown}
 q - a potion of heal wounds


   Skills:
 - Level 2.0 Fighting
 - Level 6.0 Dodging
 - Level 4.0 Stealth
 - Level 1.0 Unarmed Combat
 - Level 3.0 Spellcasting
 + Level 5.4 Conjurations
 - Level 3.2 Fire Magic
 - Level 3.0 Alchemy
 - Level 3.0 Evocations


You had 5 spell levels left.
You knew the following spells:

 Your Spells              Type           Power      Damage    Failure   Level
a - Foxfire               Conj/Fire      88%        2x1d8     1%          1
b - Scorch                Fire           34%        2d6       4%          2
c - Flame Wave            Conj/Fire      22%        2d8       21%         4

Your spell library contained the following spells:

 Spells                   Type           Power      Damage    Failure   Level
 Magic Dart               Conj           100%       1d8       1%          1
 Searing Ray              Conj           54%        2d6       1%          2
 Kiss of Death            Conj/Necr      60%        2d10      4%          1
 Sublimation of Blood     Necr           3%         N/A       19%         2
 Inner Flame              Hex/Fire       10%        N/A       19%         3
 Volatile Blastmotes      Fire/Tloc      20%        2d11      19%         3
 Fulminant Prism          Conj/Alch      16%        3d10      22%         4
 Confusing Touch          Hex            3%         N/A       36%         3
 Irradiate                Conj/Alch      16%        3d17      52%         5
 Petrify                  Alch/Erth      14%        N/A       54%         4
 Animate Armour           Summ/Erth      6%         N/A       77%         4
 Dispel Undead            Necr           3%         3d7       77%         4
 Summon Lightning Spire   Summ/Air       3%         N/A       77%         4
 Lee's Rapid Deconstruct  Erth           1%         3d4*      98%         5


Dungeon Overview and Level Annotations

Branches:
Dungeon (6/15)             Temple (0/1) D:6

Altars:
Gozag
Kikubaaqudgha
Qazlal
Xom

Annotations:
D:5 1 runed translucent door, VoidStrider's ghost, novice TeAE


Innate Abilities, Weirdness & Mutations

You are partially covered in iridescent scales. (AC +2)
Your flesh is heat resistant. (rF+)
You passively map a small area around you.
Your natural rate of healing is unusually fast.


Message History

The foxfire hits the ice beast!
The ice beast melts!
The ice beast is severely wounded.
The foxfire hits the ice beast.
The ice beast melts!
The ice beast is almost dead.
The ice beast closely misses you.
Casting: Scorch (safe; 4% risk of failure)
Confirm with . or Enter, or press ? or * to list all spells.
Casting: Flame Wave (quite dangerous; 22% risk of failure)
Press: ? - help, Dir - look around, f - activate A wave of flame ripples out!
The flame wave engulfs the ice beast!
The ice beast melts!
You kill the ice beast! (Press . to intensify the flame waves.)
The orc wizard points at you and mumbles some strange words.
The magic dart hits you.
Training target 6.0 for Dodging reached!
Your Dodging skill increases to level 6!
Your Conjurations skill increases to level 5!
A wave of flame ripples out!
The flame wave engulfs the orc.
The orc is severely wounded.
The flame wave engulfs the orc warrior.
The orc warrior is lightly wounded.
You hear a shout!
The orc warrior completely misses you.
A wight comes into view. It is wielding a +3 war axe.
A wave of flame ripples out!
The flame wave engulfs the orc wizard!
The orc wizard is severely wounded.
The flame wave engulfs the orc warrior.
The orc warrior is moderately wounded.
The flame wave engulfs the orc!
You kill the orc!
You finish channelling waves of flame.
The orc warrior hits you from afar with a +0 halberd!
As you read the scroll of teleportation, it crumbles to dust.
You feel strangely unstable.
The orc wizard gestures at you while chanting.
The magic dart hits you.
* * * LOW HITPOINT WARNING * * *
The orc warrior hits you from afar with a +0 halberd!
You die...

#######...#.###...... ,,
, ,......................
, #.######.#.#.#...#.##.
###.### #.#.#.#.###.#..
..!....###.#.#.#.# #.#.#
.........#.#.#.#.# #.#.#
...............#.# #.#.#
, * .........#.#.#.#.#
#.#.# .z.....@...#.#.#.#
#.#.# ./.......###.#...#
#.#.# * ~
......oo.#.....#.###.#.#
......)..#.#............
~.##......#.......##.....
* ,
#......#..#........... ,,
.......#..#.#####.#..# **
###.....#..#.# #....#
*.....##.#.# ####..


You could see an orc warrior, a wight and an orc wizard.

Vanquished Creatures
  2 ice beasts (D:6)
  2 ogres
  A black bear (D:4)
  A bombardier beetle (D:3)
  A howler monkey (D:5)
  2 hounds (D:5)
  An orc priest (D:6)
  A jelly (D:6)
  An iguana (D:2)
  An orc wizard (D:6)
  5 adders
  7 gnolls
  A white imp (D:6)
  2 ufetubi (D:5)
  2 ribbon worms (D:2)
  4 dart slugs (D:1)
  7 orcs
  10 endoplasms
  A giant cockroach (D:4)
  7 goblins
  13 hobgoblins
  6 jackals
  6 kobolds
  3 quokkas
  3 ball pythons
  2 bats
  5 frilled lizards
  10 rats
107 creatures vanquished.

Vanquished Creatures (others)
  237 foxfires
237 creatures vanquished.

Grand Total: 344 creatures vanquished

Notes
Turn   | Place    | Note
-------+----------+-------------------------------------------
     0 | D:1      | hawla the Deep Elf Fire Elementalist began the quest for
                  | the Orb.
     0 | D:1      | Reached XP level 1. HP: 10/10 MP: 6/6
    40 | D:1      | Reached skill level 1 in Unarmed Combat
    48 | D:1      | Reached XP level 2. HP: 16/16 MP: 0/8
    62 | D:1      | Reached skill level 1 in Fighting
   701 | D:1      | Reached XP level 3. HP: 21/21 MP: 5/9
   822 | D:1      | Learned a level 2 spell: Scorch
  1345 | D:2      | Reached skill level 1 in Alchemy
  1346 | D:2      | Reached skill level 1 in Evocations
  1430 | D:2      | Reached XP level 4. HP: 4/26 MP: 1/10
  1782 | D:2      | Learned a level 4 spell: Flame Wave
  2184 | D:3      | Gained mutation: You have a pair of small horns on your
                  | head. [potion of mutation]
  2185 | D:3      | Lost mutation: You have a pair of small horns on your head.
                  | [potion of mutation]
  2185 | D:3      | Gained mutation: You sometimes lose your temper in combat.
                  | [potion of mutation]
  2185 | D:3      | Gained mutation: You occasionally lose the ability to drink
                  | potions when taking damage. [potion of mutation]
  2185 | D:3      | Gained mutation: You have a pair of small horns on your
                  | head. [potion of mutation]
  2185 | D:3      | Gained mutation: Your flesh is heat resistant. (rF+)
                  | [potion of mutation]
  2186 | D:3      | Lost mutation: You occasionally lose the ability to drink
                  | potions when taking damage. [potion of mutation]
  2186 | D:3      | Lost mutation: You sometimes lose your temper in combat.
                  | [potion of mutation]
  2186 | D:3      | Lost mutation: You have a pair of small horns on your head.
                  | [potion of mutation]
  2186 | D:3      | Gained mutation: You are partially covered in iridescent
                  | scales. (AC +2) [potion of mutation]
  2186 | D:3      | Gained mutation: You passively map a small area around you.
                  | [potion of mutation]
  2186 | D:3      | Gained mutation: Your natural rate of healing is unusually
                  | fast. [potion of mutation]
  2285 | D:3      | Found an opulent altar of Gozag.
  2287 | D:3      | Found a stormy altar of Qazlal.
  2520 | D:3      | Identified the +2 robe of the Ethereal God {rN+ Str+4}
  2965 | D:3      | Reached XP level 5. HP: 29/30 MP: 5/11
  3424 | D:4      | Found a shimmering altar of Xom.
  4114 | D:4      | Noticed a black bear
  4123 | D:4      | Killed a black bear
  4124 | D:4      | Reached XP level 6. HP: 35/35 MP: 5/12
  4174 | D:4      | Reached skill level 3 in Dodging
  4397 | D:5      | Entered Level 5 of the Dungeon
  4718 | D:5      | Noticed VoidStrider's ghost (novice TeAE)
  4734 | D:5      | Reached skill level 4 in Dodging
  4739 | D:5      | Reached XP level 7. HP: 38/40 MP: 0/13
  4870 | D:5      | Found a runed translucent door.
  4892 | D:5      | Found an ancient bone altar of Kikubaaqudgha.
  5316 | D:6      | HP: 2/40 [ogre/+0 giant spiked club (7)]
  5318 | D:6      | Reached skill level 5 in Dodging
  5626 | D:6      | Reached skill level 6 in Dodging
  5626 | D:6      | Reached skill level 5 in Conjurations
  5628 | D:6      | Slain by an orc warrior

Illustrated notes

Levels and vault maps discovered:
D:1:      lightli_arrival_boilingwater, layout_loops_corners,
          chequers_decorated_corner
D:2:      layout_rooms
D:3:      layout_loops_corners, nicolae_overflow_hidden_temple,
          chequers_big_river
D:4:      layout_basic, mainiacjoe_overflow_24_doors
D:5:      layout_cave_pools, nicolae_kikubaaqudgha_miasma_corner,
          hellmonk_ghost_happy_afterlife
D:6:      layout_basic, minmay_temple_entry_trees, nicolae_tricolors

Skill      XL: |  1  2  3  4  5  6  7 |
---------------+----------------------+-----
Unarmed Combat | 1 |  1.0
Fighting       | 1 2 |  2.0
Alchemy        | 1 3 |  3.0
Evocations     | 1 2 3 |  3.0
Stealth        | 4 |  4.0
Dodging        | 4 6 |  6.0
Conjurations   | 3 5 |  5.4
Spellcasting   | |  3.0
Fire Magic     | |  3.2

Action                     |  1- 3 |  4- 6 |  7- 9 || total
---------------------------+-------+-------+-------++-------
  Melee: Unarmed           |     8 |       |       ||     8
         Staff             |    12 |    13 |       ||    25
   Cast: Foxfire           |    59 |    63 |    14 ||   136
         Scorch            |     9 |    35 |    10 ||    54
         Flame Wave        |       |     1 |     2 ||     3
    Use: Scroll            |     7 |     8 |     1 ||    16
         Potion            |     1 |     5 |     2 ||     8
   Stab: Sleeping          |     1 |       |       ||     1
 Armour: Robe              |    26 |    19 |    13 ||    58
  Dodge: Dodged            |    22 |    25 |     6 ||    53
  Block: Other             |       |     5 |     2 ||     7
